 Dungeon Crawl Stone Soup version 0.28-a0-32-g8dfe7f97f6 (webtiles) character file.

Game seed: 18340981178896535069

28 willcat the Sneak (level 3, -5/23 HPs)
             Began as a Kobold Delver on July 27, 2021.
             Slain by a gnoll (8 damage)
             ... on level 7 of the Dungeon.
             The game lasted 00:00:22 (79 turns).

willcat the Sneak (Kobold Delver)                     Turns: 79, Time: 00:00:23

Health: -5/23      AC:  3    Str:  9    XL:     3   Next: 30%
Magic:  3/3        EV: 15    Int: 11    God:
Gold:   0          SH:  0    Dex: 17    Spells: 2/2 levels left

rFire   . . .      SeeInvis .   a - +0 short sword
rCold   . . .      Faith    .   (shield restricted)
rNeg    . . .      Spirit   .   b - +0 leather armour
rPois   .          Reflect  .   (no helmet)
rElec   .          Harm     .   (no cloak)
rCorr   .          Rampage  .   (no gloves)
Will    .....                   (no boots)
Stlth   ++++......              (no amulet)
HPRegen 0.07/turn               (no ring)
MPRegen 0.08/turn               (no ring)

@: hasted, very quick
A: small, no large weapons, nightstalker 3
a: no special abilities


You were on level 7 of the Dungeon.
You visited 1 branch of the dungeon, and saw 3 of its levels.

Inventory:

Hand Weapons
 a - a +0 short sword (weapon)
Armour
 b - a +0 leather armour (worn)
Wands
 g - a wand of digging (3)
Scrolls
 c - a scroll of fog
 d - a scroll of magic mapping


   Skills:
 - Level 3.2 Fighting
 + Level 3.4 Short Blades
 + Level 3.1 Dodging
 + Level 7.0 Stealth


You had 2 spell levels left.
You didn't know any spells.
Your spell library was empty.

Dungeon Overview and Level Annotations

Branches:
Dungeon (7/15)
 Temple: D:4-7

Altars:


Innate Abilities, Weirdness & Mutations

You are small and have problems with some larger weapons.
You are completely attuned to the shadows.


Message History

The gnoll sergeant hits you with a +0 spear.
The gnoll sergeant barely misses you.
There is a stone staircase leading down here.
The gnoll sergeant barely misses you.
You climb downwards. 2 orcs, an orc priest and an orc wizard come into view.
Found a leather armour.
There is a stone staircase leading up here.
Unknown command.
The helpless orc priest fails to defend itself.
You impale the orc priest!!
You kill the orc priest!
The orc shouts! x2; The orc wizard shouts!
You hear a shout!
The gnoll hits you with a +0 club!
Ouch! That really hurt!
* * * LOW HITPOINT WARNING * * *
You hear an angry buzzing noise.
Your Short Blades skill increases to level 3!
Your Dodging skill increases to level 3!
Your Stealth skill increases to level 7!
You have reached level 2!
You have reached level 3!
Your experience leads to an increase in your attributes!
Increase (S)trength, (I)ntelligence, or (D)exterity?
You feel agile.
Unknown command.
You feel yourself speed up. The gnoll barely misses you.
Unknown command.
As you read the scroll of fear, it crumbles to dust.
You assume a fearsome visage.
The orc wizard looks frightened!
The orc looks frightened!
The gnoll looks frightened!
Unknown command.
The orc wizard gestures wildly while chanting.
The orc wizard flickers and vanishes!
Deactivating autopickup; reactivate with Ctrl-A.
You hit the gnoll.
Your attack snaps the gnoll out of its fear.
The gnoll is lightly wounded.
The gnoll hits you with a +0 club!
You die...

.###.. o...#
##### [..
#.@.## #)##
###go###
##<.##
##.{.###....#
#.o.oo.......
####....###..
##...# ..
#..... #..###


You could see a gnoll and 2 orcs.

Vanquished Creatures
  An orc priest (D:7)
1 creature vanquished.

Notes
Turn   | Place    | Note
-------+----------+-------------------------------------------
     0 | D:5      | willcat the Kobold Delver began the quest for the Orb.
     0 | D:5      | Reached XP level 1. HP: 14/14 MP: 1/1
    49 | D:6      | Noticed a centaur
    55 | D:6      | Noticed a gnoll sergeant
    64 | D:7      | Noticed an orc wizard
    64 | D:7      | Noticed an orc priest
    65 | D:7      | Killed an orc priest
    66 | D:7      | Reached skill level 7 in Stealth
    66 | D:7      | Reached XP level 2. HP: 2/19 MP: 2/2
    66 | D:7      | Reached XP level 3. HP: 2/23 MP: 3/3
    79 | D:7      | Slain by a gnoll

Illustrated notes

Levels and vault maps discovered:
D:5:      layout_loops_ring, nicolae_elyvilon_temple_path
D:6:      layout_basic, mainiacjoe_overflow_large_starburst,
          mainiacjoe_overflow_six_doors_small, grunt_ministairs_9,
          minmay_checkerbox, uniq_edmund
D:7:      layout_layer_cave, minmay_temple_entry_gardened_gates, serial_shops,
          shop_fountains, st_stairs_2, grunt_ministairs_5

Skill      XL: |  1 |
---------------+----+-----
Short Blades   | 3 |  3.4
Dodging        | 3 |  3.1
Stealth        | 7 |  7.0
Fighting       | |  3.2

Action                   || total
-------------------------++-------
Melee: Short sword       ||     2
  Use: Scroll            ||     1
       Potion            ||     1
 Stab: Sleeping          ||     1
Dodge: Dodged            ||     4

Table legend: (Time is in decaauts)
 A = Elapsed time spent in this place.
 B = Non-inter-level travel time spent in this place.
 C = Inter-level travel time spent in this place.
 D = Time resting spent in this place.
 E = Time spent auto-exploring this place.
 F = Levels seen in this place.
 G = Mean time per level.
                   A        B        C        D        E       F      G
               +--------+--------+--------+--------+--------+-----+--------+
         Total |     77 |     77 |      0 |      0 |     46 |   3 |   25.7 |
       Dungeon |     77 |     77 |      0 |      0 |     46 |   3 |   25.7 |
               +--------+--------+--------+--------+--------+-----+--------+

Top non-repeatable levels by time:
     D:6: 62 daAuts
     D:7: 14 daAuts
     D:5: 1 daAuts
